 Dungeon Crawl Stone Soup version 0.10.0-32-gfa280cc character file.

262 Shevden the Chopper (level 4, -6/40 HPs)
             Began as a Minotaur Berserker on May 17, 2012.
             Was a Priest of Trog.
             Mangled by an iguana (7 damage)
             ... on Level 4 of the Dungeon.
             The game lasted 00:27:18 (2515 turns).

Shevden the Chopper (Minotaur Berserker)            Turns: 2515, Time: 00:27:18

HP  -6/40        AC 13     Str 25      XL: 4   Next: 98%
MP   1/1         EV  5     Int  4      God: Trog [***...]
Gold 137         SH  0     Dex  9      Spells:  0 memorised,  3 levels left

Res.Fire  : . . .   See Invis. : .   a - +1 hand axe {=f}
Res.Cold  : . . .   Warding    : . . e - +2 plate armour
Life Prot.: . . .   Conserve   : .   (no shield)
Res.Acid. : . . .   Res.Corr.  : .   (helmet restricted)
Res.Poison: +       Clarity    : .   (no cloak)
Res.Elec. : .       Spirit.Shd : .   (no gloves)
Sust.Abil.: . .     Stasis     : .   (no boots)
Res.Mut.  : .       Ctrl.Telep.: .   (no amulet)
Res.Rott. : .       Levitation : +   (no ring)
Saprovore : . . .   Ctrl.Flight: .   j - ring of poison resistance {unknown}

@: levitating, slightly resistant to hostile enchantments, extremely unstealthy
A: retaliatory headbutt, horns 2, deterioration 2, Str +2
a: Burn Spellbooks, Berserk, Trog's Hand, Renounce Religion


You were on level 4 of the Dungeon.
You worshipped Trog.
Trog was greatly pleased with you.
You were full.

You visited 1 branch of the dungeon, and saw 4 of its levels.

You collected 117 gold pieces.

Inventory:

Hand weapons
 a - a +1,+1 hand axe (weapon) {=f}
 n - a +1,+1 dwarven hand axe (quivered)
Missiles
 o - 45 +0 stones
Armour
 e - a +2 plate armour (worn)
Magical devices
 p - a wand of lightning (4) {unknown}
Comestibles
 d - a meat ration
 l - a bread ration
 m - a royal jelly
 q - 11 strawberries
Scrolls
 b - a scroll of curse jewellery {unknown}
 g - 4 scrolls of remove curse {?Remove Curse?, unknown}
Jewellery
 j - a ring of poison resistance (left hand) {unknown}
Potions
 f - a potion of agility {unknown}
 h - a potion of resistance {unknown}
 i - a potion of levitation
 k - a potion of mutation
 r - a potion of restore abilities {unknown}


   Skills:
 + Level 5.0 Fighting
 + Level 5.1 Axes
 + Level 3.6 Armour
 + Level 3.5 Dodging
 + Level 0.3 Traps & Doors


You had 3 spell levels left.
You didn't know any spells.

Dungeon Overview and Level Annotations

Branches:
Dungeon (4/27)
 Temple: D:4-7

Altars:


Innate Abilities, Weirdness & Mutations

You reflexively headbutt those who attack you in melee.
You have a pair of horns on your head.
Your body is deteriorating.
Your muscles are strong (Str +2).


Message History

You feel yourself wasting away.
It was a potion of mutation.
The iguana bites you but does no damage.
Use which ability? (? or * to list)
Okay, then.
You feel stronger.
It was a potion of gain strength.
The iguana bites you.
There is an open door here.
You slash the iguana.
The iguana is heavily wounded.
The iguana bites you.
* * * LOW HITPOINT WARNING * * *
You slash the iguana! Your headbutt misses the iguana.
The iguana is almost dead.
The iguana bites you!
* * * LOW HITPOINT WARNING * * *
You feel very buoyant.
You gently float away from the floor.
It was a potion of levitation.
The iguana bites you!
You die...

........#...## .....
#.......#....# ....
#.......##...###.#####
#.......##.............
####...####+#.....#####
####...### #..........
...'...'.# #.[....#...
####...#.# #......#
.......#.# ####@#.#
.#####.#.##.####l#.#
.#.......#......g..#
.#.#.....#..####.#.#
.#.#.....# #.#.#
.#'#.....#.. #.# #
....<........ +..
#.......##... #..
.....#.## ..# ....


You could see an iguana and a goblin.

Vanquished Creatures
  5 adders
  A giant mite (D:3)
  3 giant geckos
  8 orcs
  5 giant cockroaches
  2 goblins
  4 hobgoblins (D:2)
  A jackal (D:4)
  6 kobolds
  A quokka (D:2)
  2 ball pythons
  7 bats
  4 giant newts
  19 rats
68 creatures vanquished.

Notes
Turn   | Place    | Note
--------------------------------------------------------------
     0 | D:1      | Shevden, the Minotaur Berserker, began the quest for the Orb.
     0 | D:1      | Reached XP level 1. HP: 19/19 MP: 0/0
    37 | D:1      | Reached XP level 2. HP: 19/26 MP: 0/0
    52 | D:1      | Reached skill level 4 in Fighting
   469 | D:1      | Acquired Trog's second power
  1045 | D:2      | Reached XP level 3. HP: 33/33 MP: 1/1
  1640 | D:2      | Reached XP level 4. HP: 40/40 MP: 1/1
  1904 | D:3      | Reached skill level 5 in Axes
  2491 | D:4      | Reached skill level 5 in Fighting
  2508 | D:4      | Gained mutation: Your body is slowly deteriorating.
  2508 | D:4      | Gained mutation: Your muscles are strong (Str +1).
  2508 | D:4      | Gained mutation: Your body is deteriorating.
  2509 | D:4      | Gained mutation: Your muscles are strong (Str +2).
  2514 | D:4      | HP: 1/40 [iguana (8)]
  2515 | D:4      | Mangled by an iguana
